 Dungeon Crawl Stone Soup version 0.22-a0-605-g9281fa2 (webtiles) character file.

6818 royokou the Severer (level 10, 0/88 HPs)
             Began as a Minotaur Fighter on July 8, 2018.
             Was a Priest of Makhleb.
             Slain by Erolcha
             ... wielding a +0 giant club
              (8 damage)
             ... on level 9 of the Dungeon.
             The game lasted 00:18:02 (8314 turns).

royokou the Severer (Minotaur Fighter)              Turns: 8314, Time: 00:18:03

Health: 0/88       AC: 14    Str: 25    XL:     10   Next: 77%
Magic:  18/18      EV:  7    Int:  6    God:    Makhleb [***...]
Gold:   394        SH: 10    Dex: 13    Spells: 9/9 levels left

rFire    . . .     SeeInvis .   a - +0 war axe
rCold    + . .     Gourm    .   c - +0 shield
rNeg     . . .     Faith    .   u - +0 plate armour {rPois}
rPois    +         Spirit   .   (helmet restricted)
rElec    .         Reflect  .   (no cloak)
rCorr    .         Harm     .   g - +0 pair of gloves
MR       .....                  D - +1 pair of boots
Stlth    ..........             (no amulet)
HPRegen  0.24/turn              i - ring of protection from cold
MPRegen  0.16/turn              q - ring of magical power

@: mighty
A: retaliatory headbutt, horns 2
a: Minor Destruction, Lesser Servant of Makhleb, Renounce Religion


You were on level 9 of the Dungeon.
You worshipped Makhleb.
Makhleb was most pleased with you.
You were not hungry.

You visited 2 branches of the dungeon, and saw 10 of its levels.

You collected 394 gold pieces.

Inventory:

Hand Weapons
 a - a +0 war axe (weapon)
 n - a +0 morningstar
Armour
 c - a +0 shield (worn)
 g - a +0 pair of gloves (worn)
 u - a +0 plate armour of poison resistance (worn)
 D - a +1 pair of boots (worn)
Jewellery
 i - a ring of protection from cold (left hand)
 q - a ring of magical power (right hand)
 t - an uncursed amulet of faith
 F - an uncursed ring of flight {unknown}
Wands
 s - a wand of clouds (5)
 A - a wand of polymorph (12)
 C - a wand of flame (30)
 G - a wand of iceblast (10)
Scrolls
 e - 5 scrolls of teleportation {unknown}
 h - 3 scrolls of fog {unknown}
 k - 5 scrolls of remove curse {unknown}
 l - 2 scrolls of amnesia {unknown}
 m - 10 scrolls of identify {unknown}
 o - a scroll of noise {unknown}
 w - 3 scrolls of immolation {unknown}
 y - 2 scrolls of random uselessness {unknown}
 B - a scroll of enchant armour {unknown}
 E - a scroll of vulnerability {unknown}
Potions
 b - 2 potions of haste {unknown}
 d - a potion of might
 j - 2 potions of flight {unknown}
 p - 2 potions of cancellation {unknown}
 r - 3 potions of curing {unknown}
 v - a potion of degeneration {unknown}
 x - 2 potions of invisibility
 z - 2 potions of magic {unknown}
Comestibles
 f - 20 rations
 H - 7 chunks of flesh


   Skills:
 + Level 7.7 Fighting
 - Level 16.2 Axes
 - Level 3.6 Armour
 + Level 6.0 Dodging
 - Level 3.6 Shields


You had 9 spell levels left.
You didn't know any spells.
Your spell library contained the following spells:

 Spells                   Type           Power        Failure   Level  Hunger
 Apportation              Tloc           #.....       100%        1    ##.....
 Summon Small Mammal      Summ           #...         100%        1    ##.....
 Animate Skeleton         Necr           N/A          100%        1    ##.....
 Regeneration             Chrm/Necr      #.........   100%        3    ####...
 Confusing Touch          Hex            #.....       100%        1    ##.....
 Shroud of Golubria       Chrm/Tloc      #.........   100%        2    ###....
 Infusion                 Chrm           #...         100%        1    ##.....
 Song of Slaying          Chrm           #.......     100%        2    ###....
 Spectral Weapon          Hex/Chrm       #.......     100%        3    ####...


Dungeon Overview and Level Annotations

Branches:
Dungeon (9/15)             Temple (1/1) D:4
   Lair: D:8-11         Orc: D:9-12

Altars:
Hepliaklqana
Kikubaaqudgha
Makhleb
Nemelex Xobeh
Ru
Trog
Vehumet
Wu Jian
Xom
Yredelemnul

Annotations:
D:9 Erolcha


Innate Abilities, Weirdness & Mutations

You reflexively headbutt those who attack you in melee.
You have a pair of horns on your head.


Message History

Erolcha is moderately wounded.
You hit Erolcha but do no damage.
Erolcha is moderately wounded.
Erolcha casts a spell at you. The crystal spear hits you!
* * * LOW HITPOINT WARNING * * *
You slash Erolcha!
Erolcha is moderately wounded.
Erolcha points at you and mumbles some strange words.
The crystal spear hits you!
* * * LOW HITPOINT WARNING * * *
You feel very mighty all of a sudden. Erolcha hits you with a giant club.
* * * LOW HITPOINT WARNING * * *
You slice Erolcha!!
Erolcha is almost dead.
You slash Erolcha!
Erolcha is almost dead.
Erolcha hits you with a giant club!
You die...

###.#......#
#.##########.## #.#
#...# #.# #...# ..#
#...###### #.##
#####.......$# # #.#
####............#.#
##.###..)..............#
.......##.......@....#
##.##.(####.#...O....#
##.##..# #.#...#$####
##.##..####.#...#.#
##.......##.#%..#.#
.......#.##.##.....
.......#.##........
##..####.#########.#
##..####.# ..


You could see Erolcha.

Vanquished Creatures
  2 two-headed ogres
  4 yaks (D:9)
  A human (D:7)
  4 hogs (D:7)
  2 steam dragons (D:8)
  2 hungry ghosts
  A water moccasin (D:8)
  Duvessa (D:6)
  An orc warrior (D:5)
  A sky beast (D:8)
  2 phantoms (D:7)
  A necrophage (D:5)
  2 ice beasts
  An ogre (D:7)
  2 centaurs (D:9)
  Blork the orc (D:6)
  6 bullfrogs
  3 scorpions
  Dowan (D:6)
  5 killer bees (D:7)
  2 vampire bats (D:4)
  8 wights (D:8)
  A howler monkey (D:6)
  2 crimson imps (D:7)
  4 hounds
  A quasit (D:8)
  3 centaur skeletons
  A bullfrog skeleton (D:5)
  4 orc wizards
  Crazy Yiuf (D:7)
  4 orc priests (D:6)
  A jelly (D:7)
  Terence (D:2)
  3 iguanas
  2 worker ants
  Ijyb (D:3)
  A hound zombie (D:7)
  2 hound skeletons
  4 worker ant zombies
  A gnoll (D:7)
  16 adders
  3 shadow imps
  An ooze (D:6)
  2 adder skeletons
  3 worms
  A dart slug (D:2)
  3 leopard geckos
  21 orcs
  8 bats
  3 bat skeletons (D:4)
  2 bat zombies (D:4)
  7 giant cockroaches
  16 goblins
  9 hobgoblins
  9 jackals
  8 kobolds
  3 quokkas
  3 ball pythons
  5 frilled lizards
  A leopard gecko skeleton (D:5)
  A quokka zombie (D:6)
  5 rats
220 creatures vanquished.

Notes
Turn   | Place    | Note
-------+----------+-------------------------------------------
     0 | D:1      | royokou the Minotaur Fighter began the quest for the Orb.
     0 | D:1      | Reached XP level 1. HP: 19/19 MP: 0/0
    95 | D:1      | Reached skill level 3 in Axes
   147 | D:1      | Reached XP level 2. HP: 26/26 MP: 1/1
   265 | D:1      | Reached skill level 4 in Axes
   629 | D:2      | Reached XP level 3. HP: 30/31 MP: 2/2
   726 | D:2      | Reached skill level 5 in Axes
  1159 | D:2      | Noticed Terence
  1174 | D:2      | Killed Terence
  1174 | D:2      | Reached XP level 4. HP: 33/39 MP: 3/3
  1730 | D:3      | Found a basalt altar of Yredelemnul.
  1735 | D:3      | Reached skill level 6 in Axes
  1805 | D:3      | Reached XP level 5. HP: 37/45 MP: 4/4
  1823 | D:3      | Reached skill level 7 in Axes
  2065 | D:3      | Found an ornate altar of the Wu Jian Council.
  2571 | D:3      | Noticed Ijyb
  2616 | D:3      | Killed Ijyb
  2616 | D:3      | Reached XP level 6. HP: 50/51 MP: 5/5
  3012 | D:4      | Found an ancient bone altar of Kikubaaqudgha.
  3020 | D:4      | Reached skill level 8 in Axes
  3126 | D:4      | Found a staircase to the Ecumenical Temple.
  3132 | Temple   | Entered the Ecumenical Temple
  3171 | Temple   | Became a worshipper of Makhleb the Destroyer
  3311 | D:4      | Found a bloodstained altar of Trog.
  3324 | D:4      | You fall through a shaft!
  3324 | D:5      | Entered Level 5 of the Dungeon
  3608 | D:5      | Reached skill level 9 in Axes
  3722 | D:5      | Reached XP level 7. HP: 57/57 MP: 6/6
  4306 | D:6      | Noticed Blork the orc
  4314 | D:6      | Reached skill level 10 in Axes
  4316 | D:6      | Killed Blork the orc
  4564 | D:6      | Noticed Duvessa
  4565 | D:6      | Noticed Dowan
  4579 | D:6      | Reached skill level 11 in Axes
  4586 | D:6      | Killed Dowan
  4599 | D:6      | Killed Duvessa
  4599 | D:6      | Reached XP level 8. HP: 11/62 MP: 7/7
  4911 | D:6      | HP: 1/62 [something/magic dart (8)]
  5386 | D:5      | Reached skill level 12 in Axes
  5428 | D:6      | Found a hide-covered altar of Uskayaw.
  5430 | D:6      | Found a shattered altar of Ashenzari.
  5430 | D:6      | Found an ancient bone altar of Kikubaaqudgha.
  5432 | D:6      | Found a shimmering altar of Xom.
  5432 | D:6      | Found a hazy altar of Hepliaklqana.
  5432 | D:6      | Found a glowing silver altar of Zin.
  5926 | D:7      | Reached * piety under Makhleb
  5961 | D:7      | HP: 1/64 [killer bee (3)]
  5972 | D:7      | HP: 1/64 [killer bee (7)]
  6230 | D:7      | Reached skill level 13 in Axes
  6311 | D:7      | Reached XP level 9. HP: 70/70 MP: 8/8
  6430 | D:7      | Reached skill level 14 in Axes
  6457 | D:7      | Reached ** piety under Makhleb
  6548 | D:7      | Found a runed door.
  6638 | D:7      | Reached skill level 15 in Axes
  7174 | D:7      | Noticed Crazy Yiuf
  7257 | D:7      | Killed Crazy Yiuf
  7378 | D:8      | Noticed a two-headed ogre
  7396 | D:8      | Killed a two-headed ogre
  7396 | D:8      | Reached skill level 16 in Axes
  7396 | D:8      | Reached XP level 10. HP: 61/77 MP: 9/9
  7432 | D:8      | Reached skill level 1 in Dodging
  7497 | D:8      | Found a sacrificial altar of Ru.
  7954 | D:8      | Reached skill level 5 in Fighting
  8166 | D:9      | Reached *** piety under Makhleb
  8212 | D:9      | Reached skill level 5 in Dodging
  8268 | D:9      | Noticed a two-headed ogre
  8277 | D:9      | Killed a two-headed ogre
  8301 | D:9      | Noticed Erolcha
  8314 | D:9      | Slain by Erolcha

Vault maps used:
D:1:      dpeg_arrival_yet_another_circle
D:2:      kennysheep_another_room, uniq_terence
D:3:      kennysheep_goblin_castle, yredelemnul_altar_generic,
          lemuel_round_altar, first_ration
D:4:      lightli_temple_of_fire, kennysheep_vampire_church,
          minmay_temple_entry_trees, minmay_misc_feat_plants
D:6:      doesnt_xom_only_xom, uniq_duvessa, uniq_eustachio, uniq_blork_the_orc
D:7:      grunt_livestock, hangedman_minor_gate_pass, uniq_crazy_yiuf_cottage
D:8:      cheibrodos_steamvent, nicolae_ru_path_of_blood
D:9:      uniq_erica, uniq_erolcha
Temple:   dpeg_five_rooms_temple

Skill      XL: |  1  2  3  4  5  6  7  8  9 10 |
---------------+-------------------------------+-----
Axes           | 3 4 5 6 7 9 11 13 16 | 16.2
Dodging        | 6 |  6.0
Fighting       | 7 |  7.7
Armour         | |  3.6
Shields        | |  3.6

Action                   |  1- 3 |  4- 6 |  7- 9 | 10-12 || total
-------------------------+-------+-------+-------+-------++-------
Melee: War axe           |    79 |   233 |   350 |   180 ||   842
       Headbutt          |    10 |    44 |    71 |    45 ||   170
  Use: Potion            |       |       |     3 |     1 ||     4
  Eat: Chunk             |     1 |     8 |     8 |     5 ||    22
       Ration            |       |       |     2 |       ||     2
Armor: Scale mail        |    14 |       |       |       ||    14
       Plate armour      |    19 |   138 |   176 |    65 ||   398
       Skin              |     1 |       |       |       ||     1
Dodge: Dodged            |    26 |    39 |    37 |    24 ||   126
Block: Shield            |    40 |   122 |   142 |    61 ||   365

Table legend:
 A = Spawn XP
 B = Non-spawn XP
 C = Spawn XP percentage of total XP
 D = Spawn monster count
 E = Non-spawn monster count
 F = Spawn count percentage of total count
 G = Total turns spent on level
                    A         B        C        D         E        F      G
               +---------+---------+-------+---------+---------+-------+---------
         Total |       0 |    9741 |   0.0 |       0 |     220 |   0.0 |  8314
               +---------+---------+-------+---------+---------+-------+---------
           D:1 |       0 |      39 |   0.0 |       0 |      21 |   0.0 |   616
           D:2 |       0 |     106 |   0.0 |       0 |      24 |   0.0 |  1114
           D:3 |       0 |     250 |   0.0 |       0 |      43 |   0.0 |  1093
           D:4 |       0 |     244 |   0.0 |       0 |      22 |   0.0 |   621
           D:5 |       0 |     467 |   0.0 |       0 |      17 |   0.0 |  1251
           D:6 |       0 |     762 |   0.0 |       0 |      16 |   0.0 |  1066
           D:7 |       0 |    2978 |   0.0 |       0 |      40 |   0.0 |  1517
           D:8 |       0 |    2476 |   0.0 |       0 |      24 |   0.0 |   749
           D:9 |       0 |    2419 |   0.0 |       0 |      13 |   0.0 |   216
               +---------+---------+-------+---------+---------+-------+---------
